 Dungeon Crawl Stone Soup version 0.24.0-10-g970556be89 (console) character file.

Game seed: 18227030037752981196, levelgen mode: deterministic

181 AlterAsc the Changer (level 5, -2/33 HPs)
             Began as an Octopode Transmuter on Nov 4, 2019.
             Killed by divine providence
             ... invoked by an orc priest
              (11 damage)
             ... on level 4 of the Dungeon.
             The game lasted 00:08:33 (2941 turns).

AlterAsc the Changer (Octopode Transmuter)          Turns: 2941, Time: 00:08:34

Health: -2/33      AC:  1    Str: 10    XL:     5   Next: 61%
Magic:  7/9        EV: 14    Int: 15    God:
Gold:   127        SH:  0    Dex: 13    Spells: 4/10 levels left

rFire    . . .     SeeInvis .     - Unarmed
rCold    . . .     Gourm    .   (no shield)
rNeg     . . .     Faith    .   (helmet restricted)
rPois    .         Spirit   .   (no amulet)
rElec    .         Reflect  .   f - +1 ring of evasion
rCorr    .         Harm     .   (no ring)
MR       .....                  (no ring)
Stlth    ++........             (no ring)
HPRegen  0.11/turn              (no ring)
MPRegen  0.11/turn              (no ring)
                                (no ring)
                                (no ring)

@: no status effects
A: almost no armour, stealthy swim, amphibious, 8 rings, constrict 8, camouflage
1, gelatinous body 1
a: no special abilities


You were on level 4 of the Dungeon.
You were hungry.

You visited 1 branch of the dungeon, and saw 4 of its levels.

You collected 127 gold pieces.

Inventory:

Missiles
 a - 58 arrows
Jewellery
 f - a +1 ring of evasion (left tentacle)
Scrolls
 b - 3 scrolls of enchant armour
 d - 3 scrolls of teleportation
 h - 4 scrolls of remove curse
 k - a scroll of immolation
 l - a scroll of noise
 m - a scroll of fog {unknown}
 p - a scroll of magic mapping {unknown}
Potions
 e - a potion of resistance {unknown}
 g - a potion of ambrosia {unknown}
 i - 2 potions of cancellation
 j - a potion of haste {unknown}
 n - 3 potions of lignification {unknown}
 o - 2 potions of degeneration {unknown}
Comestibles
 c - 12 rations


   Skills:
 + Level 1.3 Fighting
 - Level 2.1 Dodging
 * Level 3.1 Unarmed Combat
 + Level 3.2 Spellcasting
 + Level 4.5 Transmutations


You had 4 spell levels left.
You knew the following spells:

 Your Spells              Type           Power        Failure   Level  Hunger
a - Beastly Appendage     Tmut           ###...       3%          1    #......
b - Sticks to Snakes      Tmut           ###.....     4%          2    ##.....
c - Spider Form           Tmut/Pois      #.........   24%         3    ###....

Your spell library contained the following spells:

 Spells                   Type           Power        Failure   Level  Hunger
 Ice Form                 Ice/Tmut       #.......     61%         4    #####..
 Blade Hands              Tmut           ###.......   65%         5    ######.


Dungeon Overview and Level Annotations

Branches:
Dungeon (4/15)
 Temple: D:4-7

Altars:
Kikubaaqudgha

Annotations:
D:2 Sigmund


Innate Abilities, Weirdness & Mutations

You cannot wear most types of armour.
You are very stealthy in the water. (Stealth+)
You are amphibious.
You can wear up to eight rings at the same time.
You can use your tentacles to constrict eight enemies at once.
Your skin changes colour to match your surroundings (Stealth+).
Your rubbery body absorbs attacks. (AC +1, EV +1)


Message History

The orc wizard gestures wildly while chanting.
The orc wizard blinks!
You hit the orc.
The orc is poisoned.
The orc is severely wounded.
The orc wizard miscasts a cantrip.
The orc misses you.
You hit the orc priest but do no damage.
Your transformation has ended.
The orc priest barely misses you. The orc completely misses you.
Okay, then.
You closely miss the orc priest. You grab the orc priest.
You tentacle-slap the orc priest. You squeeze the orc priest.
The orc priest is heavily wounded.
You constrict the orc priest.
The orc wizard points at you and mumbles some strange words.
The magic dart hits you.
* * * LOW HITPOINT WARNING * * *
The orc priest calls down the wrath of Beogh upon you.
Beogh smites you!
You die...

.....# ....# #...#
#...# #...# #..o#
#...# #..o#######
.
###o@.o...######.8
#..............#
#...............
#.......<%......
#...............
#...............
#####..#........
###..#........
#......#########


You could see an orc priest, 2 orc wizards and an orc.

Vanquished Creatures
  An iguana (D:4)
  A gnoll (D:1)
  An adder (D:2)
  A leopard gecko (D:3)
  11 orcs
  2 ball pythons
  4 bat skeletons (D:2)
  2 bat zombies (D:2)
  2 giant cockroaches (D:1)
  5 goblins
  3 hobgoblins (D:1)
  A quokka (D:2)
  2 bats (D:1)
  6 kobolds
  5 rats
47 creatures vanquished.

Vanquished Creatures (collateral kills)
  A howler monkey (D:4)
  A vampire bat (D:2)
  A worker ant (D:4)
  An adder (D:4)
4 creatures vanquished.

Grand Total: 51 creatures vanquished

Notes
Turn   | Place    | Note
-------+----------+-------------------------------------------
     0 | D:1      | AlterAsc the Octopode Transmuter began the quest for the
                  | Orb.
     0 | D:1      | Reached XP level 1. HP: 13/13 MP: 3/3
   324 | D:1      | Reached XP level 2. HP: 18/18 MP: 5/5
   341 | D:1      | Learned a level 2 spell: Sticks to Snakes
   578 | D:1      | Reached XP level 3. HP: 22/23 MP: 6/6
   967 | D:2      | Reached skill level 3 in Transmutations
  1263 | D:2      | Noticed Sigmund
  1488 | D:2      | Learned a level 3 spell: Spider Form
  1700 | D:2      | Found an ancient bone altar of Kikubaaqudgha.
  1717 | D:2      | Reached XP level 4. HP: 9/28 MP: 3/8
  2067 | D:3      | You fall into a shaft and drop 1 floor!
  2082 | D:4      | Reached skill level 4 in Transmutations
  2082 | D:4      | Reached XP level 5. HP: 5/33 MP: 6/9
  2941 | D:4      | Killed from afar by an orc priest

Levels and vault maps discovered:
D:1:      zelgadis_glass_arrival_small, layout_loops_ring
D:2:      layout_loops_ring, kennysheep_vampire_church, first_ration,
          minmay_misc_feat_x, uniq_sigmund
D:3:      layout_rooms
D:4:      minmay_wonky_spiral, layout_basic, lemuel_doored_altar,
          ashenzari_altar_1, minmay_temple_entry_statues,
          chequers_ossuary_entry_cave, uniq_menkaure

Skill      XL: |  1  2  3  4 |
---------------+-------------+-----
Transmutations | 3 4 |  4.5
Spellcasting   | 3 |  3.2
Fighting       | |  1.3
Dodging        | |  2.1
Unarmed Combat | |  3.1

Action                   |  1- 3 |  4- 6 || total
-------------------------+-------+-------++-------
Melee: Unarmed           |    77 |    47 ||   124
       Constrict         |    22 |    10 ||    32
       Tentacles         |    12 |     3 ||    15
       Kick              |     5 |     4 ||     9
       Punch             |     3 |     1 ||     4
 Cast: Beastly Appendage |     8 |     4 ||    12
       Sticks to Snakes  |     2 |     4 ||     6
       Spider Form       |       |     4 ||     4
  Use: Scroll            |       |     5 ||     5
       Potion            |       |     2 ||     2
 Stab: Sleeping          |     3 |     2 ||     5
       Distracted        |       |     1 ||     1
  Eat: Chunk             |     2 |     1 ||     3
       Ration            |       |     1 ||     1
Armor: Skin              |    15 |     1 ||    16
Dodge: Dodged            |    68 |    40 ||   108
